 Dungeon Crawl Stone Soup version 0.26-a0-252-gb32a1a6195 (webtiles) character file.

Game seed: 17434976983092757213

112 Infinimo the Conjurer (level 4, -4/30 HPs)
             Began as a Mummy Conjurer on July 8, 2020.
             Killed from afar by Natasha (8 damage)
             ... with a magic dart
             ... on level 3 of the Dungeon.
             The game lasted 00:02:34 (2851 turns).

Infinimo the Conjurer (Mummy Conjurer)              Turns: 2851, Time: 00:02:35

Health: -4/30      AC:  2    Str: 10    XL:     4   Next: 63%
Magic:  14/19      EV: 12    Int: 18    God:
Gold:   98         SH:  0    Dex: 10    Spells: 6/11 levels left

rFire    x . .     SeeInvis .   c - +0 short sword
rCold    + . .     Faith    .   (no shield)
rNeg     + + +     Spirit   .   a - +0 robe
rPois    ∞         Reflect  .   (no helmet)
rElec    .         Harm     .   (no cloak)
rCorr    .                      (no gloves)
MR       .....                  (no boots)
Stlth    ++........             (no amulet)
HPRegen  0.10/turn              d - ring of magical power
MPRegen  0.16/turn              (no ring)

@: no status effects
A: no food or potions, fire vulnerability, cold resistance 1, negative energy
resistance 3, torment resistance, unbreathing
a: no special abilities


You were on level 3 of the Dungeon.
You were not hungry.

You visited 1 branch of the dungeon, and saw 3 of its levels.

You collected 98 gold pieces.

Inventory:

Hand Weapons
 c - a +0 short sword (weapon)
Armour
 a - a +0 robe (worn)
Jewellery
 d - a ring of magical power (left hand)
Scrolls
 b - 3 scrolls of remove curse {unknown}
 e - a scroll of identify {unknown}
 f - a scroll of teleportation {unknown}
 g - a scroll of enchant armour {unknown}
 h - a scroll of immolation {unknown}


   Skills:
 - Level 1.6 Dodging
 - Level 1.6 Stealth
 + Level 4.0 Spellcasting
 * Level 4.5 Conjurations


You had 6 spell levels left.
You knew the following spells:

 Your Spells              Type           Power        Failure   Level
a - Magic Dart            Conj           ###.         2%          1
b - Iskenderun's Mystic   Conj/Tloc      ##......     50%         4

Your spell library contained the following spells:

 Spells                   Type           Power        Failure   Level
 Searing Ray              Conj           ###...       3%          2
 Dazzling Flash           Conj/Hex       ##....       17%         3
 Fulminant Prism          Conj/Hex       ##........   50%         4


Dungeon Overview and Level Annotations

Branches:
Dungeon (3/15)

Altars:
Makhleb
Ru

Annotations:
D:3 Natasha


Innate Abilities, Weirdness & Mutations

You do not eat or drink.
Your flesh is vulnerable to fire.
You are immune to poison.
Your flesh is cold resistant. (rC+)
You are immune to negative energy. (rN+++)
You are immune to unholy pain and torment.
You can survive without breathing.


Message History

Aiming: Magic Dart (safe; 2% risk of failure)
Press: ? - help, Shift-Dir - straight line, f/p - Natasha
Aim: Natasha (heavily wounded)
The magic dart hits Natasha.
Natasha is severely wounded.
Natasha drinks a potion.
Natasha is healed!
Casting: Magic Dart (safe; 2% risk of failure)
Confirm with . or Enter, or press ? or * to list all spells.
Aiming: Magic Dart (safe; 2% risk of failure)
Press: ? - help, Shift-Dir - straight line, f/p - Natasha
Aim: Natasha (lightly wounded)
The magic dart hits Natasha.
Natasha is lightly wounded.
Natasha claws you!
The shadow imp disappears in a puff of smoke!
Natasha claws you!
* * * LOW HITPOINT WARNING * * *
Natasha casts a spell at you. The magic dart hits you!
You die...

###### #....#
######....#########
#.@............>...
#.####.......##.###
#h# #........#.##
#.# #...........#
#o# ####........##
#)# #.......... #g#
#####.....% #o#
#...... #.# #.....)


You could see Natasha, 2 orcs and a hobgoblin.

Vanquished Creatures
  3 adders (D:2)
  2 worms
  A dart slug (D:1)
  5 leopard geckos
  4 orcs (D:3)
  6 bats
  4 giant cockroaches
  9 goblins
  6 hobgoblins
  7 jackals
  5 kobolds
  A ball python (D:1)
  2 frilled lizards
  11 rats
66 creatures vanquished.

Notes
Turn   | Place    | Note
-------+----------+-------------------------------------------
     0 | D:1      | Infinimo the Mummy Conjurer began the quest for the Orb.
     0 | D:1      | Reached XP level 1. HP: 13/13 MP: 4/4
   358 | D:1      | Reached XP level 2. HP: 19/19 MP: 4/6
  1143 | D:1      | Reached XP level 3. HP: 24/24 MP: 4/7
  1527 | D:2      | Found a sacrificial altar of Ru.
  1643 | D:2      | Found a burning altar of Makhleb.
  2008 | D:2      | Reached XP level 4. HP: 30/30 MP: 9/9
  2398 | D:2      | Learned a level 4 spell: Iskenderun's Mystic Blast
  2826 | D:3      | Noticed Natasha
  2851 | D:3      | Killed from afar by Natasha

Illustrated notes

Levels and vault maps discovered:
D:1:      dpeg_arrival_boxes_within_box, layout_basic
D:2:      layout_rooms, bloody_makhleb, lemuel_doored_altar, minmay_fountain_box
D:3:      layout_basic, overflow_temple_1_default, old_standard_altar,
          chequers_ecumenical_altar_island, uniq_natasha

Skill      XL: |  1  2  3  4 |
---------------+-------------+-----
Spellcasting   | 3 4 |  4.0
Conjurations   | 4 |  4.5
Dodging        | |  1.6
Stealth        | |  1.6

Action                   |  1- 3 |  4- 6 || total
-------------------------+-------+-------++-------
Melee: Unarmed           |    18 |       ||    18
 Cast: Magic Dart        |   100 |    55 ||   155
Armor: Robe              |     9 |     1 ||    10
Dodge: Dodged            |    29 |     2 ||    31

Table legend:
 A = Non-vault XP
 B = Vault XP
 C = Vault XP percentage of total XP
 D = Non-vault monster count
 E = Vault monster count
 F = Vault count percentage of total count
                 A         B        C        D         E       F
            +---------+---------+-------+---------+---------+-------
      Total |     160 |       0 |   0.0 |      66 |       0 |   0.0
            +---------+---------+-------+---------+---------+-------
        D:1 |      48 |       0 |   0.0 |      26 |       0 |   0.0
        D:2 |      87 |       0 |   0.0 |      29 |       0 |   0.0
        D:3 |      25 |       0 |   0.0 |      11 |       0 |   0.0
            +---------+---------+-------+---------+---------+-------
